 Dungeon Crawl Stone Soup version 0.19.1 (webtiles) character file.

1848 Millan the Blocker (level 9, -2/71 HPs)
             Began as a Formicid Fighter on Dec 2, 2016.
             Was a Believer of Uskayaw.
             Killed by drain life
             ... invoked by a soul eater
             ... summoned by an orc high priest
              (5 damage)
             ... in a bailey.
             The game lasted 00:11:26 (5487 turns).

Millan the Blocker (Formicid Fighter)               Turns: 5487, Time: 00:11:27

Health: -2/71      AC: 12    Str: 23    XL:     9   Next: 34%
Magic:  2/9        EV: 13    Int:  9    God:    Uskayaw [**....]
Gold:   122        SH: 12    Dex: 15    Spells: 0 memorised, 8 levels left

rFire  . . .     SeeInvis +     J - +1 hand axe (venom)
rCold  . . .     Gourm    +     m - +0 chain mail
rNeg   + . .     Faith    .     c - +0 shield
rPois  .         Spirit   .     (helmet unavailable)
rElec  .         Reflect  .     (no cloak)
rCorr  +         Harm     .     (no gloves)
MR     .....                    L - +1 pair of boots {Stlth+}
Stlth  ..........               w - amulet of the gourmand
                                y - ring of positive energy
                                n - ring of resist corrosion

@: agile, drained
A: permanent stasis, dig shafts and tunnels, four strong arms, antennae 3
a: Dig, Shaft Self, Stomp, Line Pass, Renounce Religion


You were in a bailey.
You worshipped Uskayaw.
Uskayaw was noncommittal.
You were very full.

You visited 1 branch of the dungeon, and saw 7 of its levels.
You also visited: Bailey.

You collected 342 gold pieces.
You spent 220 gold pieces at shops.

Inventory:

Hand Weapons
 J - a +1 hand axe of venom (weapon)
Armour
 c - a +0 shield (worn)
 m - a +0 chain mail (worn)
 C - a +2 large shield
 L - a +1 pair of boots of stealth (worn)
Jewellery
 n - a ring of resist corrosion (left hand)
 w - an amulet of the gourmand (around neck)
 y - a ring of positive energy (right hand)
 E - an uncursed ring of flight
Wands
 G - a wand of paralysis (14/24)
Scrolls
 g - 2 scrolls of blinking {unknown}
 h - 3 scrolls of teleportation
 i - a scroll of fear {unknown}
 j - 8 scrolls of identify {unknown}
 l - a scroll of amnesia {unknown}
 o - a scroll of fog {unknown}
 q - a scroll of remove curse
 r - a scroll of noise {unknown}
 A - a scroll of enchant weapon {unknown}
 K - a scroll of acquirement {unknown}
 M - a scroll of random uselessness {unknown}
Potions
 d - a potion of might
 e - a potion of degeneration {unknown}
 k - a potion of curing {unknown}
 p - a potion of heal wounds {unknown}
 t - 2 potions of agility
 u - a potion of berserk rage {unknown}
 v - 2 potions of lignification {unknown}
 x - a potion of resistance {unknown}
 z - 2 potions of invisibility {unknown}
 B - 2 potions of brilliance {unknown}
 D - a potion of haste {unknown}
 H - 2 potions of cancellation {unknown}
Comestibles
 a - a royal jelly
 b - a chunk of flesh
 f - 7 bread rations
 s - 4 beef jerkies
 F - 4 meat rations
 I - 4 fruits


   Skills:
 + Level 6.5(6.1) Fighting
 + Level 5.4(5.1) Axes
 + Level 6.3(5.9) Armour
 * Level 9.6(9.2) Shields


You had 8 spell levels left.
You didn't know any spells.

Dungeon Overview and Level Annotations

Branches:
Dungeon (7/15)             Temple (0/1) D:6

Altars:
Hepliaklqana
Kikubaaqudgha
Makhleb
Qazlal
Uskayaw

Shops:
D:7 [


Innate Abilities, Weirdness & Mutations

You are under a permanent stasis effect.
You can dig through walls and to a lower floor.
Your four strong arms can wield two-handed weapons with a shield.
You have a pair of large antennae on your head. (SInv)


Message History

You kill the gnoll!
The soul eater is moderately wounded.
The chaos spawn is moderately wounded.
You feel somewhat less full.
You can no longer pass through a line of other dancers.
The smoke demon gestures at you. Something smites you!
* * * LOW HITPOINT WARNING * * *
The orc high priest hits you but does no damage.
You block the chaos spawn's attack. The soul eater hits you!
* * * LOW HITPOINT WARNING * * *
You partially resist.
You feel drained.
* * * LOW HITPOINT WARNING * * *
You can now pass through a line of other dancers.
It was a potion of agility.
You feel agile all of a sudden. The orc misses you.
The orc sorcerer mumbles some strange words.
You block the chaos spawn's attack.
The soul eater draws from the surrounding life force!
You die...

#### {{ #..[
{{ +..[ {{
####### {{
.......#+##
._.....)..+
......o@8.#
......4o3.#
#######38.#
#######.3o..#
#.....#...8.#
#.....#....3#
#..⌠..#..####
+.....'..#
+..)))'..#


You could see 2 soul eaters, an orc high priest, 2 smoke demons, a chaos spawn,
an orc sorcerer and an orc.

Vanquished Creatures
  A hungry ghost (D:7)
  A water moccasin (D:6)
  2 orc warriors (Bailey)
  An ice beast (D:6)
  2 ogres
  A centaur (D:7)
  A big kobold (D:4)
  A bullfrog (D:6)
  2 scorpions (D:5)
  3 wights (D:6)
  The ghost of Schattenjager the Charmwright, a weakling HESk (D:3)
  A crimson imp (D:5)
  2 hounds
  4 orc wizards (D:4)
  5 worker ants
  A hound zombie (D:7)
  2 howler monkey zombies
  A worker ant zombie (D:6)
  Robin (D:4)
  11 gnolls
  11 adders
  An ooze (D:1)
  2 worms
  A dart slug (D:1)
  4 leopard geckos
  11 orcs
  4 bats
  5 giant cockroaches
  19 goblins
  7 hobgoblins
  9 jackals
  A quokka (D:6)
  4 frilled lizards
  8 kobolds
  A leopard gecko skeleton (D:4)
  A quokka zombie (D:7)
  7 rats
140 creatures vanquished.

Notes
Turn   | Place    | Note
-------+----------+-------------------------------------------
     0 | D:1      | Millan the Formicid Fighter began the quest for the Orb.
     0 | D:1      | Reached XP level 1. HP: 18/18 MP: 1/1
   137 | D:1      | Reached XP level 2. HP: 24/24 MP: 2/2
   262 | D:1      | Reached skill level 4 in Shields
   312 | D:1      | Reached XP level 3. HP: 24/29 MP: 3/3
   730 | D:2      | Reached XP level 4. HP: 30/37 MP: 4/4
  1202 | D:3      | Reached skill level 5 in Shields
  1416 | D:3      | Found a hazy altar of Hepliaklqana.
  1420 | D:3      | Noticed Schattenjager's ghost (weakling HESk)
  1434 | D:3      | Killed Schattenjager's ghost
  1434 | D:3      | Reached XP level 5. HP: 28/42 MP: 5/5
  1819 | D:4      | Reached XP level 6. HP: 13/48 MP: 6/6
  2051 | D:4      | Reached skill level 6 in Shields
  2233 | D:4      | Noticed an ogre
  2245 | D:4      | Killed an ogre
  2245 | D:4      | Reached XP level 7. HP: 44/55 MP: 7/7
  2286 | D:4      | Noticed Robin
  2293 | D:4      | Killed Robin
  2752 | D:5      | Entered Level 5 of the Dungeon
  2813 | D:5      | Reached skill level 7 in Shields
  3023 | D:5      | Reached skill level 5 in Armour
  3130 | D:5      | Found a burning altar of Makhleb.
  3132 | D:5      | Found a hide-covered altar of Uskayaw.
  3153 | D:5      | Became a worshipper of Uskayaw the Reveler
  3174 | D:5      | Reached * piety under Uskayaw
  3178 | D:5      | Reached skill level 5 in Fighting
  3178 | D:5      | Reached XP level 8. HP: 40/62 MP: 8/8
  3302 | D:5      | Found a stormy altar of Qazlal.
  3535 | D:5      | Reached ** piety under Uskayaw
  3834 | D:6      | Reached skill level 8 in Shields
  4112 | D:6      | Reached *** piety under Uskayaw
  4470 | D:6      | Found an ancient bone altar of Kikubaaqudgha.
  4904 | D:6      | Found a staircase to the Ecumenical Temple.
  5069 | D:7      | Reached skill level 5 in Axes
  5069 | D:7      | Reached XP level 9. HP: 65/69 MP: 9/9
  5073 | D:7      | Reached skill level 9 in Shields
  5103 | D:7      | Found Mium's Antique Armour Shop.
  5116 | D:7      | Bought a pair of embroidered boots for 220 gold pieces
  5315 | D:7      | Found a flagged portal.
  5327 | Bailey   | Entered a bailey
  5473 | Bailey   | Found an iron altar of Okawaru.
  5473 | Bailey   | Noticed an orc sorcerer
  5473 | Bailey   | Noticed an orc high priest
  5481 | Bailey   | Noticed a soul eater
  5484 | Bailey   | Noticed a smoke demon
  5486 | Bailey   | HP: 3/71 [soul eater[an orc high priest] (1)]
  5487 | Bailey   | Noticed a soul eater
  5487 | Bailey   | Killed from afar by a soul eater

Skill      XL: |  1  2  3  4  5  6  7  8  9 |
---------------+----------------------------+-----
Shields        | 4 5 6 7 8 9 |  9.6
Fighting       | 4 5 6 |  6.5
Axes           | 3 4 5 |  5.4
Armour         | 4 5 6 |  6.3

Action                   |  1- 3 |  4- 6 |  7- 9 || total
-------------------------+-------+-------+-------++-------
Melee: War axe           |   113 |    85 |       ||   198
       Quarterstaff      |       |    63 |   156 ||   219
       Hand axe          |       |       |   220 ||   220
Invok: Stomp             |       |       |     2 ||     2
       Line Pass         |       |       |     1 ||     1
 Abil: Dig               |       |     1 |     5 ||     6
  Use: Scroll            |       |       |     2 ||     2
       Potion            |       |       |     1 ||     1
 Stab: Paralysed         |       |       |     1 ||     1
  Eat: Chunk             |       |    16 |    26 ||    42
Armor: Scale mail        |    42 |    69 |    51 ||   162
       Chain mail        |       |       |    60 ||    60
Dodge: Dodged            |    43 |    43 |    87 ||   173
Block: Shield            |    66 |    97 |   176 ||   339
       Large shield      |       |       |     4 ||     4
